 Dungeon Crawl Stone Soup version 0.28-a0-479-g5baa6b73be (webtiles) character file.

Game seed: 3732757865198591389

15 Dabor the Skirmisher (level 2, -5/16 HPs)
             Began as a Vine Stalker Berserker on Sept 18, 2021.
             Was a Follower of Trog.
             Slain by Sigmund (9 damage)
             ... on level 2 of the Dungeon.
             The game lasted 00:01:09 (1195 turns).

Dabor the Skirmisher (Vine Stalker Berserker)       Turns: 1195, Time: 00:01:10

Health: -5/16      AC:  3    Str: 19    XL:     2   Next: 50%
Magic:  0/3        EV: 11    Int:  7    God:    Trog [*.....]
Gold:   24         SH:  3    Dex: 13    Spells: 1/1 levels left

rFire   . . .      SeeInvis .   a - +0 hand axe
rCold   . . .      Faith    .   j - +0 buckler
rNeg    . . .      Spirit   +   b - +0 animal skin
rPois   .          Reflect  .   d - +0 helmet
rElec   .          Harm     .   (no cloak)
rCorr   .          Rampage  .   (no gloves)
Will    .....                   (no boots)
Stlth   +.........              (no amulet)
HPRegen 0.05/turn               (no ring)
MPRegen 0.08/turn               (no ring)

@: on berserk cooldown, slowed, very slow
A: fangs 2, magic shield, antimagic bite, no potion heal 2
a: Renounce Religion, Berserk


You were on level 2 of the Dungeon.
You worshipped Trog.
Trog was aware of your devotion.
You visited 1 branch of the dungeon, and saw 2 of its levels.

You collected 24 gold pieces.

Inventory:

Hand Weapons
 a - a +0 hand axe (weapon)
Armour
 b - a +0 animal skin (worn)
 d - a +0 helmet (worn)
 j - a +0 buckler (worn)
Scrolls
 f - a scroll of enchant weapon {unknown}
 g - a scroll of identify {unknown}
 h - a scroll of fog {unknown}
 i - a scroll of teleportation {unknown}
Potions
 c - a potion of mutation {unknown}
 e - a potion of invisibility {unknown}


   Skills:
 * Level 2.9 Fighting
 * Level 2.9 Axes
 * Level 1.8 Armour
 + Level 1.8 Dodging
 + Level 0.0 Stealth
 + Level 0.0 Shields


You had one spell level left.
You didn't know any spells.
Your spell library was empty.

Dungeon Overview and Level Annotations

Branches:
Dungeon (2/15)

Altars:

Annotations:
D:2 Sigmund


Innate Abilities, Weirdness & Mutations

You have extremely sharp teeth.
When hurt, damage is shared between your health and your magic reserves.
Your bite disrupts and absorbs the magic of your enemies.
Potions cannot restore your health.


Message History

The bat hits you.
You slash the bat!
You kill the bat!
Trog accepts your kill.
No target in view!
No target in view!
No target in view!
HP restored.
You see here a bat corpse.
Found 20 stones.
You see here 20 stones.
Sigmund the Dreaded comes into view.
He is wielding a +0 scythe.
Sigmund shouts!
Sigmund is nearby!
Sigmund is nearby!
Sigmund is nearby!
A red film seems to cover your vision as you go berserk!
You feel yourself moving faster!
You feel mighty! Sigmund gestures at you while chanting.
The puff of flame hits you!
You feel a strong urge to attack something.
Sigmund hits you from afar with a +0 scythe!
You are too injured to fight recklessly!
You are too injured to fight recklessly!
You feel your anger nearly subside.
You closely miss Sigmund. You bite Sigmund!
Sigmund's magic leaks into the air.
You drain his magic.
You feel invigorated.
Sigmund is moderately wounded.
Sigmund hits you with a +0 scythe.
* * * LOW HITPOINT WARNING * * *
You barely miss Sigmund. You bite Sigmund!
Sigmund's magic leaks into the air.
You drain his magic.
You feel invigorated.
Sigmund is heavily wounded.
You hit Sigmund.
Sigmund is severely wounded.
You are no longer berserk.
You are exhausted.
You feel yourself slow down. Sigmund hits you with a +0 scythe!
Ouch! That really hurt!
You die...

#########
#######.......####
#...(......#.....
#.#####.##.#..####
#.##.....†........
#@##.##..#.##.####
#@##.##..#.##<#
#.............#
#..#.#.#.#.####
#... ....#.#
#..........#
##.....##### .###.
#


You could see Sigmund.

Vanquished Creatures
  An endoplasm (D:1)
  4 goblins (D:1)
  2 jackals (D:1)
  3 ball pythons (D:1)
  2 bats
  3 frilled lizards (D:1)
15 creatures vanquished.

Notes
Turn   | Place    | Note
-------+----------+-------------------------------------------
     0 | D:1      | Dabor the Vine Stalker Berserker began the quest for the
                  | Orb.
     0 | D:1      | Reached XP level 1. HP: 11/11 MP: 2/2
   260 | D:1      | Found a faded altar of an unknown god.
   312 | D:1      | Reached XP level 2. HP: 15/16 MP: 1/3
  1188 | D:2      | Noticed Sigmund
  1195 | D:2      | Slain by Sigmund

Illustrated notes

Levels and vault maps discovered:
D:1:      lemuel_arrival_rhombus, layout_basic,
          hellmonk_ecumenical_altar_arch_garden, minmay_misc_feat_x,
          minmay_pentomino_r4
D:2:      layout_loops_ring, minivault_11, uniq_sigmund, uniq_jessica

Action                   || total
-------------------------++-------
Melee: Hand axe          ||    35
       Bite              ||    10
Invok: Berserk           ||     2
Armor: Animal skin       ||     6
Dodge: Dodged            ||    20
Block: Buckler           ||     2

Table legend: (Time is in decaauts)
 A = Elapsed time spent in this place.
 B = Non-inter-level travel time spent in this place.
 C = Inter-level travel time spent in this place.
 D = Time resting spent in this place.
 E = Time spent auto-exploring this place.
 F = Levels seen in this place.
 G = Mean time per level.
                   A        B        C        D        E       F      G
               +--------+--------+--------+--------+--------+-----+--------+
         Total |   1209 |   1130 |     79 |     41 |    968 |   2 |  604.5 |
       Dungeon |   1209 |   1130 |     79 |     41 |    968 |   2 |  604.5 |
               +--------+--------+--------+--------+--------+-----+--------+

Top non-repeatable levels by time:
     D:1: 1169 daAuts
     D:2: 39 daAuts
